 Dungeon Crawl Stone Soup version 0.32-a0-673-g3729bd50f8 (webtiles) character file.

Game seed: 11361204506829560309

477 Shayle the Apothecary (level 7, -5/46 HPs)
             Began as a Coglin Alchemist on Mar 10, 2024.
             Slain by a killer bee (6 damage)
             ... on level 6 of the Dungeon.
             The game lasted 00:13:36 (4026 turns).

Shayle the Apothecary (Coglin Alchemist)            Turns: 4026, Time: 00:13:38

Health: -5/46      AC:  4    Str:  8    XL:     7   Next: 11%
Magic:  5/12       EV: 12    Int: 16    God:
Gold:   95         SH:  0    Dex: 15    Spells: 8/12 levels left

rFire   . . .        i - +0 spear {Myungok}
rCold   . . .        f - +0 dagger (venom) {Ning}
rNeg    . . .        p - +0 leather armour
rPois   .            (no helmet)
rElec   .            (no cloak)
rCorr   .            (no gloves)
SInv    .            h - +0 pair of boots
Will    .....        (amulet unavailable)
Stlth   ++           (ring unavailable)
HPRegen 0.27/turn    (ring unavailable)
MPRegen 0.13/turn    (no gizmo)

%: no passive effects
@: lethally poisoned (-5 -> -11), very slightly contaminated, revved
A: off-hand wielding, slow wielding, warmup strikes, no jewellery
a: Invent Gizmo


You were on level 6 of the Dungeon.
You visited 2 branches of the dungeon, and saw 8 of its levels.

You collected 179 gold pieces.
You spent 84 gold pieces at shops.

Inventory:

Hand Weapons
 f - a +0 dagger of venom (offhand) {Ning}
 i - a +0 spear (weapon) {Myungok}
 j - a +0 whip {Ran}
 m - a +0 war axe
 n - the +1 short sword "Beastslayer" {venom, rF+++ rC- Str-2 Stlth+}
   (You found it on level 3 of the Dungeon)

   Str-2:     It affects your strength (-2).
   rF+++:     It renders you almost immune to fire.
   rC-:       It makes you vulnerable to cold.
   Stlth+:    It makes you more stealthy.
 q - a +1 short sword of venom
 s - a +2 vampiric dagger
Armour
 a - a +0 robe
 h - a +0 pair of boots (worn)
 p - a +0 leather armour (worn)
Scrolls
 c - a scroll of immolation
 d - 2 scrolls of vulnerability {unknown}
 e - 2 scrolls of teleportation
 o - a scroll of fog
 r - 3 scrolls of identify
Potions
 b - a potion of magic
 k - a potion of enlightenment
 l - a potion of haste


   Skills:
 + Level 3.6 Dodging
 - Level 1.5 Stealth
 + Level 3.3 Spellcasting
 + Level 3.2 Conjurations
 + Level 5.1 Alchemy


You had 8 spell levels left.
You knew the following spells:

 Your Spells              Type           Power      Damage    Failure   Level
a - Sting                 Conj/Alch      64%        1d7       4%          1
b - Mephitic Cloud        Conj/Alch/Air  11%        N/A       26%         3

Your spell library contained the following spells:

 Spells                   Type           Power      Damage    Failure   Level
 Mercury Vapours          Alch/Air       22%        N/A       14%         2
 Freeze                   Ice            8%         1d3       26%         1
 Olgreb's Toxic Radiance  Alch           19%        N/A       30%         4
 Hailstorm                Conj/Ice       7%         3d5       38%         3
 Frozen Ramparts          Ice            4%         1d1       61%         3
 Sticky Flame             Fire/Alch      11%        2d5       65%         4


Dungeon Overview and Level Annotations

Branches:
Dungeon (7/15)             Temple (1/1) D:4

Altars:
Ashenzari
Cheibriados
Elyvilon
Fedhas
Hepliaklqana
Kikubaaqudgha
Makhleb
Nemelex Xobeh
Qazlal
Ru
Uskayaw
Vehumet
Yredelemnul

Shops:
D:2 ?


Innate Abilities, Weirdness & Mutations

You can wield a second weapon in your off-hand.
It takes a long time for you to wield or remove held weapons.
Your first few attacks do less damage.
You cannot equip rings or amulets.


Message History

* * * LOW HITPOINT WARNING * * *
Unknown command.
Okay, then.
You completely miss the killer bee with your +0 spear.
You hit the killer bee with your +0 dagger of venom.
The killer bee is poisoned.
* * * LOW HITPOINT WARNING * * *
You feel very sick.
The killer bee is engulfed in noxious fumes.
The killer bee appears confused.
The killer bee stings the killer bee.
The killer bee closely misses itself.
The killer bee barely misses you.
The killer bee is engulfed in noxious fumes.
The killer bee appears confused.
The killer bee closely misses you.
You hit the killer bee but do no damage.
The killer bee is moderately wounded.
You miss the killer bee with your +0 dagger of venom.
* * * LOW HITPOINT WARNING * * *
You feel very sick.
The killer bee is engulfed in noxious fumes.
The killer bee appears confused.
The killer bee barely misses the killer bee.
The killer bee closely misses you. The killer bee barely misses you.
The killer bee misses the killer bee.
The killer bee is engulfed in noxious fumes.
The killer bee appears confused.
The killer bee stings you but does no damage.
You closely miss the killer bee with your +0 spear.
The killer bee is heavily wounded.
You barely miss the killer bee with your +0 dagger of venom.
* * * LOW HITPOINT WARNING * * *
You feel very sick.
The killer bee is engulfed in noxious fumes.
The killer bee appears confused.
The killer bee closely misses the killer bee.
The killer bee stings the killer bee.
The killer bee stings itself.
The killer bee is killed!
The killer bee closely misses you.
The killer bee is engulfed in noxious fumes.
The killer bee appears confused.
The killer bee stings you.
You die...

#.....# #.....+
#.....# ##....#
#°...# #yy..#
#.☼..# ##+# ##'###
#...### ###y@.##..
+.ß...###...ß...+
#.............#...#
#....<....###...#
###.....### ..#
##.ß.## .+ #.....#
.# ....>....#
...........


You could see 3 killer bees.

Vanquished Creatures
  A centaur (D:7)
  A bullfrog (D:7)
  A killer bee (D:6)
  2 hounds (D:6)
  An orc priest (D:3)
  An iguana (D:7)
  2 orc wizards (D:3)
  3 adders
  2 ufetubi (D:6)
  3 dart slugs
  3 ribbon worms
  12 orcs
  5 ball pythons
  2 bats
  5 endoplasms
  2 giant cockroaches
  11 goblins
  5 hobgoblins
  A jackal (D:2)
  10 kobolds
  2 quokkas
  2 frilled lizards (D:1)
  7 rats
84 creatures vanquished.

Vanquished Creatures (collateral kills)
  A killer bee (D:6)
1 creature vanquished.

Grand Total: 85 creatures vanquished

Notes
Turn   | Place    | Note
-------+----------+-------------------------------------------
     0 | D:1      | Shayle the Coglin Alchemist began the quest for the Orb.
     0 | D:1      | Reached XP level 1. HP: 13/13 MP: 3/3
    82 | D:1      | Reached skill level 1 in Conjurations
    98 | D:1      | Found a faded altar of an unknown god.
   311 | D:1      | Reached XP level 2. HP: 19/19 MP: 2/4
   820 | D:1      | Reached XP level 3. HP: 24/24 MP: 6/6
  1247 | D:2      | Found Plog's Magic Scroll Emporium.
  1255 | D:2      | Bought a scroll of identify for 28 gold pieces
  1338 | D:2      | Bought a scroll of fog for 56 gold pieces
  1835 | D:3      | Reached XP level 4. HP: 26/30 MP: 3/7
  1839 | D:3      | Reached skill level 4 in Alchemy
  2175 | D:3      | HP: 1/30 [orc priest/+0 hand axe (3)]
  2177 | D:3      | Reached XP level 5. HP: 2/35 MP: 8/8
  2361 | D:3      | Found a white marble altar of Elyvilon.
  2478 | D:3      | Identified the +1 short sword "Beastslayer" {venom, rF+++
                  | rC- Str-2 Stlth+}
  3308 | D:4      | Found a staircase to the Ecumenical Temple.
  3320 | Temple   | Entered the Ecumenical Temple
  3536 | D:4      | You fall into a shaft and drop 3 floors!
  3541 | D:7      | Noticed a centaur
  3551 | D:7      | Reached XP level 6. HP: 10/41 MP: 10/10
  3770 | D:6      | Reached skill level 5 in Alchemy
  3831 | D:6      | Reached XP level 7. HP: 12/46 MP: 11/11
  3979 | D:5      | Entered Level 5 of the Dungeon
  3984 | D:5      | Learned a level 3 spell: Mephitic Cloud
  3986 | D:5      | Found a blossoming altar of Fedhas.
  4026 | D:6      | HP: 1/46 [poisoned by a killer bee]
  4026 | D:6      | Slain by a killer bee

Illustrated notes

Levels and vault maps discovered:
D:1:      ldierk_walled_garden, layout_basic, hellmonk_ecumenical_altar_blasted
D:2:      layout_loops_ring, serial_shops, nicolae_shop_statue_plus,
          minmay_distorted
D:3:      minmay_wonky_spiral, layout_loops_ring, lemuel_tele_altar,
          serial_bayou_lake_a
D:4:      layout_loops_ring, minmay_temple_entry_statues_fountains,
          serial_park_tiny_1
D:5:      layout_loops_cross, nicolae_overflow_hidden_temple, zin_treasury,
          mainiacjoe_overflow_alcove_1, nicolae_ossuary_entry_false_entrances,
          serial_shops, shop, serial_demonic, serial_demonic_g,
          serial_demonic_g, serial_demonic_g, serial_demonic_f,
          gammafunk_ghost_grave, hangedman_minor_gate_pass,
          uniq_crazy_yiuf_cottage
D:6:      layout_gridville, mainiacjoe_overflow_catwalk,
          chequers_serial_rivers_large_b, serial_park_tiny_2,
          grunt_ministairs_13, uniq_duvessa
D:7:      layout_basic
Temple:   nicolae_temple_ecumenical_triangle

Skill      XL: |  1  2  3  4  5  6 |
---------------+-------------------+-----
Conjurations   | 1 2 3 |  3.2
Dodging        | 2 3 |  3.6
Spellcasting   | 2 3 |  3.3
Alchemy        | 4 5 |  5.1
Stealth        | |  1.5

Action                     |  1- 3 |  4- 6 |  7- 9 || total
---------------------------+-------+-------+-------++-------
  Melee: Unarmed           |     7 |       |       ||     7
         Spear             |    62 |   129 |     5 ||   196
         Whip              |    57 |    16 |       ||    73
         Dagger            |       |   120 |     5 ||   125
   Cast: Sting             |    24 |     2 |       ||    26
         Mephitic Cloud    |       |       |     2 ||     2
    Use: Potion            |     8 |     3 |       ||    11
         Scroll            |     1 |     2 |       ||     3
   Stab: Sleeping          |     2 |       |       ||     2
         Distracted        |       |     2 |       ||     2
 Armour: Robe              |    54 |    20 |       ||    74
         Leather armour    |       |    69 |     8 ||    77
         Skin              |       |    27 |       ||    27
  Dodge: Dodged            |    42 |   121 |    14 ||   177

Table legend: (Time is in decaauts)
 A = Elapsed time spent in this place.
 B = Non-inter-level travel time spent in this place.
 C = Inter-level travel time spent in this place.
 D = Time resting spent in this place.
 E = Time spent auto-exploring this place.
 F = Levels seen in this place.
 G = Mean time per level.
                   A        B        C        D        E       F      G
               +--------+--------+--------+--------+--------+-----+--------+
         Total |   4060 |   3934 |    126 |    622 |   2101 |   8 |  507.5 |
       Dungeon |   4024 |   3898 |    126 |    622 |   2101 |   7 |  574.9 |
        Temple |     35 |     35 |      0 |      0 |      0 |   1 |   35.0 |
               +--------+--------+--------+--------+--------+-----+--------+

Top non-repeatable levels by time:
     D:3: 1255 daAuts
     D:1: 1026 daAuts
     D:2: 686 daAuts
     D:4: 564 daAuts
     D:6: 251 daAuts
     D:7: 218 daAuts
  Temple: 35 daAuts
     D:5: 21 daAuts
